 Dungeon Crawl Stone Soup version 0.30-a0-424-g7412bad402 (webtiles) character file.

Game seed: 3702111820324712511

1542 pokeman the Thaumaturge (level 8, 0/44 HPs)
             Began as a Deep Elf Hedge Wizard on Dec 10, 2022.
             Succumbed to an adder's poison
             ... on level 5 of the Dungeon.
             The game lasted 00:13:38 (6569 turns).

pokeman the Thaumaturge (Deep Elf Hedge Wizard)     Turns: 6569, Time: 00:13:39

Health: 0/44       AC:  4    Str:  7    XL:     8   Next: 56%
Magic:  14/23      EV: 12    Int: 28    God:
Gold:   393        SH:  0    Dex: 14    Spells: 15/26 levels left

rFire   . . .      SeeInvis .    y - +1 war axe (venom)
rCold   . . .      Faith    .    (no shield)
rNeg    . . .      Spirit   .    f - +0 leather armour
rPois   .          Reflect  .    c - +0 hat
rElec   .          Harm     .    h - +0 cloak
rCorr   .          Rampage  .    (no gloves)
Will    .....                    (no boots)
Stlth   ++........               (no amulet)
HPRegen 0.27/turn                t - +6 ring of intelligence
MPRegen 0.18/turn                (no ring)

@: lethally poisoned (0 -> -1)
A: no striking features
a: no special abilities


You were on level 5 of the Dungeon.
You visited 1 branch of the dungeon, and saw 5 of its levels.
You also visited: Ossuary.

You collected 393 gold pieces.

Inventory:

Hand Weapons
 y - a +1 war axe of venom (weapon)
Missiles
 m - 2 curare-tipped darts
Armour
 c - a +0 hat (worn)
 f - a +0 leather armour (worn)
 h - a +0 cloak (worn)
 r - a +3 leather armour of willpower
Jewellery
 t - a +6 ring of intelligence (left hand)
Wands
 q - a wand of paralysis (7)
Scrolls
 a - 3 scrolls of butterflies {unknown}
 e - 3 scrolls of fear {unknown}
 g - 12 scrolls of identify {unknown}
 j - 3 scrolls of magic mapping {unknown}
 n - 6 scrolls of teleportation {unknown}
 o - a scroll of vulnerability {unknown}
 p - a scroll of poison {unknown}
 z - a scroll of amnesia {unknown}
 A - a scroll of enchant weapon {unknown}
Potions
 b - 2 potions of resistance {unknown}
 d - a potion of magic
 i - 4 potions of might {unknown}
 k - 4 potions of curing {unknown}
 l - 3 potions of haste {unknown}
 s - a potion of brilliance {unknown}
 u - 3 potions of invisibility {unknown}
 v - a potion of degeneration {unknown}
 w - 2 potions of heal wounds {unknown}
 x - a potion of attraction {unknown}


   Skills:
 - Level 2.1 Fighting
 + Level 2.2 Armour
 - Level 3.0 Dodging
 - Level 3.0 Stealth
 * Level 9.9 Spellcasting
 + Level 5.3 Conjurations
 - Level 1.1 Summonings
 - Level 1.1 Translocations
 - Level 2.0 Air Magic
 + Level 3.5 Earth Magic
 - Level 2.1 Poison Magic
 - Level 1.0 Evocations


You had 15 spell levels left.
You knew the following spells:

 Your Spells              Type           Power      Damage    Failure   Level
a - Magic Dart            Conj           100%       1d8       1%          1
b - Mephitic Cloud        Conj/Pois/Air  31%        N/A       4%          3
c - Call Imp              Summ           20%        N/A       5%          2
d - Blink                 Tloc           40%        N/A       5%          2
e - Stone Arrow           Conj/Erth      76%        3d11      2%          3

Your spell library contained the following spells:

 Spells                   Type           Power      Damage    Failure   Level
 Apportation              Tloc           40%        N/A       3%          1
 Summon Small Mammal      Summ           80%        N/A       3%          1
 Cigotuvi's Dreadful Rot  Necr/Pois/Air  42%        N/A       4%          2
 Necrotise                Necr           52%        1d6       6%          1
 Slow                     Hex            52%        N/A       6%          1
 Animate Armour           Summ/Erth      54%        N/A       22%         4
 Animate Dead             Necr           13%        N/A       52%         4
 Borgnjor's Vile Clutch   Necr/Erth      11%        N/A       61%         5
 Yara's Violent Unravell  Hex/Tmut       6%         3d5       86%         5
 Death Channel            Necr           6%         N/A       100%        6
 Enfeeble                 Hex            6%         N/A       100%        7
 Lehudib's Crystal Spear  Conj/Erth      19%        10d6      100%        8


Dungeon Overview and Level Annotations

Branches:
Dungeon (5/15)            Ossuary (visited)
 Temple: D:4-7

Altars:
Cheibriados
Elyvilon
Hepliaklqana
Kikubaaqudgha
Sif Muna


Message History

You feel sick. The white imp gestures at you. The puff of frost hits you!
Casting: Magic Dart (safe; 1% risk of failure)
Confirm with . or Enter, or press ? or * to list all spells.
Aiming: Magic Dart (safe; 1% risk of failure)
Press: ? - help, Shift-Dir - straight line, f/p - white imp
Aim: a white imp (lightly wounded, 100% to hit)
The magic dart hits the white imp.
The white imp is heavily wounded.
You feel sick.
Unknown command.
Casting: Magic Dart (safe; 1% risk of failure)
Confirm with . or Enter, or press ? or * to list all spells.
Aiming: Magic Dart (safe; 1% risk of failure)
Press: ? - help, Shift-Dir - straight line, f/p - white imp
Aim: a white imp (heavily wounded, 100% to hit)
The magic dart hits the white imp.
The white imp is severely wounded.
You feel sick. The white imp closely misses you.
Unknown command.
Casting: Magic Dart (safe; 1% risk of failure)
Confirm with . or Enter, or press ? or * to list all spells.
Aiming: Magic Dart (safe; 1% risk of failure)
Press: ? - help, Shift-Dir - straight line, f/p - white imp
Aim: a white imp (severely wounded, 100% to hit)
The magic dart hits the white imp but does no damage.
The white imp is severely wounded.
You feel sick. The white imp gestures at you. The puff of frost hits you!
* * * LOW HITPOINT WARNING * * *
Casting: Magic Dart (safe; 1% risk of failure)
Confirm with . or Enter, or press ? or * to list all spells.
Aiming: Magic Dart (safe; 1% risk of failure)
Press: ? - help, Shift-Dir - straight line, f/p - white imp
Aim: a white imp (severely wounded, 100% to hit)
The magic dart hits the white imp.
The white imp is severely wounded.
You die...

$####.#.## ##.
# ...!..#.##
.. .#.
..........
#.### #.#
#######.##
.... #.#
######.## #..#
#.####........
##..#
#...........##
#..5###.#
##.######
#..@....# #
#...###.##
###......#
#####..# #..#
#..###.#
#......#
#.############
#...>.........


You could see a white imp.

Vanquished Creatures
  Grinder (D:3)
  Eustachio (D:5)
  Menkaure (D:4)
  A water moccasin (D:5)
  An ice beast (D:5)
  A black bear (D:5)
  An elf zombie (Ossuary)
  A scorpion (D:5)
  3 hounds
  An orc priest (D:3)
  A gnoll bouda (D:4)
  2 human zombies (Ossuary)
  3 iguanas
  Jessica (D:3)
  Natasha (thrice) (D:2)
  2 orc wizards (D:3)
  3 mummies
  5 adders
  6 gnolls
  An ufetubus (D:5)
  An adder zombie (Ossuary)
  6 worms
  12 orcs
  5 endoplasms
  2 giant cockroaches
  4 goblins
  5 hobgoblins
  2 jackals (D:2)
  8 kobolds
  4 quokkas
  6 ball pythons
  5 bats
  A frilled lizard (D:2)
  A goblin zombie (Ossuary)
  7 hobgoblin zombies (Ossuary)
  3 jackal zombies (Ossuary)
  9 kobold zombies (Ossuary)
  7 orc zombies (Ossuary)
  8 rats
  A rat zombie (Ossuary)
136 creatures vanquished.

Vanquished Creatures (collateral kills)
  A hobgoblin (D:2)
  2 hobgoblin zombies (Ossuary)
  2 jackal zombies (Ossuary)
  A rat zombie (Ossuary)
6 creatures vanquished.

Vanquished Creatures (others)
  A human (D:3)
1 creature vanquished.

Grand Total: 143 creatures vanquished

Notes
Turn   | Place    | Note
-------+----------+-------------------------------------------
     0 | D:1      | pokeman the Deep Elf Hedge Wizard began the quest for the
                  | Orb.
     0 | D:1      | Reached XP level 1. HP: 10/10 MP: 7/7
   343 | D:1      | Reached XP level 2. HP: 11/16 MP: 3/9
   527 | D:1      | Reached skill level 5 in Spellcasting
   827 | D:1      | Reached XP level 3. HP: 20/20 MP: 8/11
   832 | D:1      | Learned a level 3 spell: Mephitic Cloud
   836 | D:1      | Learned a level 2 spell: Call Imp
   839 | D:1      | Learned a level 2 spell: Blink
  1387 | D:2      | Noticed Natasha
  1419 | D:2      | Identified the +2 helmet of Pupav {-Cast Harm rF+ rN+}
  1420 | D:2      | Reached skill level 1 in Armour
  1438 | D:2      | Killed Natasha
  1439 | D:2      | Reached skill level 1 in Fighting
  1497 | D:2      | Reached XP level 4. HP: 25/25 MP: 3/13
  1628 | D:2      | Learned a level 3 spell: Stone Arrow
  1644 | D:2      | Noticed Natasha
  1651 | D:2      | Killed Natasha
  2146 | D:2      | Noticed Natasha
  2152 | D:2      | Killed Natasha
  2153 | D:2      | Reached skill level 6 in Spellcasting
  2153 | D:2      | Reached XP level 5. HP: 22/29 MP: 8/15
  2753 | D:3      | Identified the +1 ring mail "Comeiji" {-Cast -Tele Str+2
                  | Dex+6}
  2919 | D:3      | Noticed Grinder
  2932 | D:3      | Reached skill level 1 in Earth Magic
  2949 | D:3      | Paralysed by Grinder for 4 turns
  2954 | D:3      | Killed Grinder
  2955 | D:3      | Reached skill level 7 in Spellcasting
  2955 | D:3      | Reached skill level 1 in Air Magic
  2955 | D:3      | Reached skill level 1 in Poison Magic
  2955 | D:3      | Reached XP level 6. HP: 17/34 MP: 7/18
  3255 | D:3      | Noticed Jessica
  3259 | D:3      | Killed Jessica
  3319 | D:3      | Found a white marble altar of Elyvilon.
  3381 | D:3      | Found an ancient bone altar of Kikubaaqudgha.
  3382 | D:3      | Noticed a human
  3385 | D:3      | Killed a human
  3582 | D:4      | Noticed Menkaure
  3902 | D:4      | Found a sand-covered staircase.
  3908 | Ossuary  | Entered an ossuary
  4083 | Ossuary  | Reached XP level 7. HP: 38/38 MP: 13/20
  4128 | Ossuary  | Reached skill level 1 in Evocations
  4688 | D:4      | Killed Menkaure
  4689 | D:4      | Reached skill level 8 in Spellcasting
  5130 | D:4      | Found a snail-covered altar of Cheibriados.
  5416 | D:5      | Entered Level 5 of the Dungeon
  5584 | D:5      | Reached XP level 8. HP: 35/44 MP: 19/22
  5620 | D:5      | Found a shimmering blue altar of Sif Muna.
  5624 | D:5      | Noticed Eustachio
  5673 | D:5      | Killed Eustachio
  5674 | D:5      | Reached skill level 9 in Spellcasting
  5860 | D:5      | Reached skill level 5 in Conjurations
  6425 | D:5      | Found a hazy altar of Hepliaklqana.
  6568 | D:5      | HP: 1/44 [white imp/puff of frost (11)]
  6569 | D:5      | Succumbed to an adder's poison

Illustrated notes

Levels and vault maps discovered:
D:1:      dpeg_arrival_ratfight, layout_basic, grunt_decor_one_mirror,
          fountainhead, minmay_misc_feat_nine_boxes
D:2:      layout_basic, uniq_natasha
D:3:      layout_basic, tgw_kikubaaqudgha, elyvilon_altar_3,
          chequers_serial_rivers_micro_a, kennysheep_generic_room_8,
          uniq_grinder, uniq_jessica
D:4:      layout_basic, chei_slow_surprise, nicolae_ossuary_entry_monument,
          uniq_menkaure
D:5:      layout_loops_ring, amcnicky_altar_gilded,
          mainiacjoe_overflow_concentric_impassable, uniq_eustachio

Skill      XL: |  1  2  3  4  5  6  7  8 |
---------------+-------------------------+-----
Spellcasting   | 5 6 7 8 9 |  9.9
Armour         | 1 2 |  2.2
Fighting       | 1 2 |  2.1
Conjurations   | 2 3 4 5 |  5.3
Dodging        | 3 |  3.0
Stealth        | 3 |  3.0
Earth Magic    | 1 2 3 |  3.5
Air Magic      | 1 2 |  2.0
Poison Magic   | 1 2 |  2.1
Evocations     | 1 |  1.0
Summonings     | |  1.1
Translocations | |  1.1

Action                   |  1- 3 |  4- 6 |  7- 9 || total
-------------------------+-------+-------+-------++-------
Melee: Dagger            |    34 |    13 |       ||    47
       Long sword        |       |    87 |    32 ||   119
       Punch             |       |     2 |     3 ||     5
       War axe           |       |       |    64 ||    64
 Cast: Magic Dart        |    76 |   103 |   109 ||   288
       Mephitic Cloud    |     1 |     6 |     9 ||    16
       Call Imp          |     1 |     3 |     8 ||    12
       Blink             |       |       |     1 ||     1
 Stab: Confused          |       |     3 |     5 ||     8
       Distracted        |       |       |     1 ||     1
Armor: Leather armour    |    12 |    58 |    23 ||    93
Dodge: Dodged            |    29 |    83 |    51 ||   163

Table legend: (Time is in decaauts)
 A = Elapsed time spent in this place.
 B = Non-inter-level travel time spent in this place.
 C = Inter-level travel time spent in this place.
 D = Time resting spent in this place.
 E = Time spent auto-exploring this place.
 F = Levels seen in this place.
 G = Mean time per level.
                   A        B        C        D        E       F      G
               +--------+--------+--------+--------+--------+-----+--------+
         Total |   6668 |   6399 |    269 |    407 |   4644 |   6 | 1111.3 |
       Dungeon |   6088 |   5819 |    269 |    407 |   4348 |   5 | 1217.6 |
       Ossuary |    579 |    579 |      0 |      0 |    296 |   1 |  579.0 |
               +--------+--------+--------+--------+--------+-----+--------+

Top non-repeatable levels by time:
     D:2: 1511 daAuts
     D:4: 1267 daAuts
     D:3: 1139 daAuts
     D:5: 1102 daAuts
     D:1: 1068 daAuts
 Ossuary: 579 daAuts
